 Dungeon Crawl Stone Soup version 0.29-a0-2-g12fcac58f8 (webtiles) character file.

Game seed: 18122222570264045438

2844 parzival7114810 the Cleaver (level 9, -6/79 HPs)
             Began as a Hill Orc Fighter on Jan 26, 2022.
             Killed from afar by an electric eel (10 damage)
             ... with a bolt of electricity
             ... on level 7 of the Dungeon on Jan 27, 2022.
             The game lasted 00:16:58 (9447 turns).

parzival7114810 the Cleaver (Hill Orc Fighter)      Turns: 9447, Time: 00:16:59

Health: -6/79      AC: 10    Str: 23    XL:     9   Next: 74%
Magic:  9/9        EV: 10    Int:  8    God:
Gold:   340        SH:  5    Dex: 10    Spells: 8/8 levels left

rFire   + . .      SeeInvis .   a - +1 war axe (venom)
rCold   x . .      Faith    .   c - +0 buckler
rNeg    . . .      Spirit   .   b - +1 scale mail
rPois   +          Reflect  .   g - +0 helmet
rElec   .          Harm     .   (no cloak)
rCorr   .          Rampage  .   (no gloves)
Will    .....                   (no boots)
Stlth   ..........              (no amulet)
HPRegen 0.23/turn               f - ring of fire
MPRegen 0.11/turn               (no ring)

@: very slow
A: passive freeze, poison resistance, wild magic 1
a: no special abilities


You were on level 7 of the Dungeon.
You visited 1 branch of the dungeon, and saw 8 of its levels.

You collected 340 gold pieces.

Inventory:

Hand Weapons
 a - a +1 war axe of venom (weapon)
Missiles
 o - 43 stones (quivered)
Armour
 b - a +1 scale mail (worn)
 c - a +0 buckler (worn)
 g - a +0 helmet (worn)
Jewellery
 f - a ring of fire (left hand)
 i - a ring of fire
Wands
 q - a wand of charming (8)
Scrolls
 m - 3 scrolls of identify
 s - a scroll of magic mapping
Potions
 k - 2 potions of flight


   Skills:
 + Level 7.3 Fighting
 + Level 11.2 Axes
 + Level 7.6 Armour
 + Level 2.4 Dodging
 + Level 1.7 Stealth
 + Level 5.6 Shields


You had 8 spell levels left.
You didn't know any spells.
Your spell library contained the following spells:

 Spells                   Type           Power      Damage    Failure   Level
 Gell's Gravitas          Tloc           0%         N/A       99%         3
 Teleport Other           Tloc           0%         N/A       99%         3
 Dispersal                Tloc           0%         N/A       100%        6


Dungeon Overview and Level Annotations

Branches:
Dungeon (8/15)             Temple (0/1) D:5
   Lair: D:8-11

Altars:
Kikubaaqudgha
Uskayaw
Vehumet
Zin
The Shining One

Shops:
D:3 (


Innate Abilities, Weirdness & Mutations

A frigid envelope surrounds you and freezes all who hurt you.
Your system is resistant to poisons. (rPois)
Your spells are a little harder to cast, but a little more powerful.


Message History

The bolt of electricity hits you!
The electric eel shoots out a bolt of lightning at you!
The bolt of electricity hits you.
A nearby plant withers and dies.
The electric eel shoots out a bolt of lightning at you!
The bolt of electricity hits you!
You hit the electric eel.
The electric eel is poisoned.
The electric eel is moderately wounded.
The electric eel shoots out a bolt of lightning at you!
The bolt of electricity hits you!
* * * LOW HITPOINT WARNING * * *
You closely miss the electric eel.
The electric eel is moderately wounded.
The electric eel shoots out a bolt of lightning at you!
The bolt of electricity hits you.
* * * LOW HITPOINT WARNING * * *
You hit the electric eel but do no damage.
The electric eel looks as sick as possible!
The electric eel is moderately wounded.
The electric eel shoots out a bolt of lightning at you!
The bolt of electricity misses you.
You barely miss the electric eel.
The electric eel is moderately wounded.
The electric eel shoots out a bolt of lightning at you!
The bolt of electricity hits you!
* * * LOW HITPOINT WARNING * * *
You slash the electric eel!
The electric eel looks as sick as possible!
The electric eel is almost dead.
You kill the electric eel!
You hear a splash.
The electric eel shoots out a bolt of lightning at you!
The bolt of electricity hits you.
* * * LOW HITPOINT WARNING * * *
As you read the scroll labelled XORETEYPUHE, it crumbles to dust.
It is a scroll of enchant armour.
Your +0 scale mail glows green for a moment.
The electric eel shoots out a bolt of lightning at you!
The bolt of electricity hits you!
You die...

..###........♣♣P≈♣
#..##......♣≈≈≈≈≈≈≈≈≈≈≈≈
#....!....♣♣≈≈≈P≈≈≈≈≈≈≈≈
.....>...≈P≈≈♣≈≈≈≈≈≈≈≈≈≈
........≈♣≈≈≈≈≈PP≈≈≈≈≈≈≈
.....##.♣♣P≈≈≈≈≈P≈≈≈≈≈≈≈
........♣♣P≈≈♣P≈≈≈S≈≈≈≈≈
.....#...≈♣≈≈≈P≈≈≈≈≈≈≈≈≈
.....##...♣≈≈≈≈≈@†≈≈≈≈≈≈
............♣♣≈≈≈≈≈≈≈≈≈≈
.............♣≈≈≈♣♣P≈P≈≈
...............≈♣≈♣♣♣♣P≈
.........#.........♣≈♣♣♣♣ ♣♣#
.........##.#...........# ..
.........#..##......##.###.
##..................# ....# #
.#..................###...#.##.


You could see an electric eel.

Vanquished Creatures
  7 yaks
  Duvessa (D:4)
  A water moccasin (D:5)
  2 sky beasts
  A necrophage (D:6)
  An ogre (D:6)
  2 centaurs (D:7)
  A scorpion (D:5)
  Dowan (D:4)
  A water moccasin skeleton (D:5)
  2 electric eels (D:7)
  3 bullfrog zombies
  A hound (D:6)
  A centaur skeleton (D:5)
  5 bullfrog skeletons
  2 scorpion zombies (D:5)
  Jessica (D:2)
  An iguana (D:6)
  5 orc wizards
  A statue (D:6)
  2 hound skeletons (D:5)
  8 gnolls (D:3)
  8 adders
  A white imp (D:6)
  3 adder skeletons
  2 worms
  4 dart slugs
  19 orcs
  4 bats
  9 endoplasms
  4 giant cockroaches
  5 goblins
  5 hobgoblins
  13 jackals
  8 kobolds
  4 quokkas
  10 ball pythons
  5 frilled lizards
  5 rats
159 creatures vanquished.

Vanquished Creatures (others)
  3 plants (D:7)
  A withered plant (D:5)
4 creatures vanquished.

Grand Total: 163 creatures vanquished

Notes
Turn   | Place    | Note
-------+----------+-------------------------------------------
     0 | D:1      | parzival7114810 the Hill Orc Fighter began the quest for
                  | the Orb.
     0 | D:1      | Reached XP level 1. HP: 19/19 MP: 1/1
    36 | D:1      | Reached XP level 2. HP: 26/27 MP: 2/2
   265 | D:1      | Reached skill level 3 in Axes
   400 | D:1      | Gained mutation: Your system is resistant to poisons.
                  | (rPois) [potion of mutation]
   400 | D:1      | Gained mutation: Your spells are a little harder to cast,
                  | but a little more powerful. [potion of mutation]
   400 | D:1      | Gained mutation: A frigid envelope surrounds you and
                  | freezes all who hurt you. [potion of mutation]
   560 | D:1      | Reached XP level 3. HP: 33/33 MP: 3/3
  1190 | D:1      | Found a faded altar of an unknown god.
  1495 | D:2      | Noticed Jessica
  1503 | D:2      | Killed Jessica
  1504 | D:2      | Reached skill level 4 in Axes
  1504 | D:2      | Reached XP level 4. HP: 40/40 MP: 4/4
  2054 | D:3      | Reached XP level 5. HP: 47/47 MP: 5/5
  2431 | D:3      | Found Fenuj's Weapon Shoppe.
  2606 | D:3      | Reached skill level 1 in Stealth
  3106 | D:4      | Reached skill level 1 in Dodging
  3106 | D:4      | Reached XP level 6. HP: 53/53 MP: 6/6
  3308 | D:4      | Reached skill level 5 in Axes
  3628 | D:4      | Found an ancient bone altar of Kikubaaqudgha.
  3630 | D:4      | Found a glowing golden altar of the Shining One.
  3631 | D:4      | Found a hide-covered altar of Uskayaw.
  3721 | D:4      | Reached skill level 5 in Fighting
  3776 | D:4      | Noticed Dowan
  3777 | D:4      | Noticed Duvessa
  3786 | D:4      | Killed Dowan
  3787 | D:4      | Killed Duvessa
  3788 | D:4      | Reached skill level 6 in Axes
  3788 | D:4      | Reached XP level 7. HP: 61/61 MP: 7/7
  4646 | D:5      | Entered Level 5 of the Dungeon
  4655 | D:5      | Found a staircase to the Ecumenical Temple.
  4662 | D:5      | Found a glowing silver altar of Zin.
  4676 | D:5      | Reached skill level 5 in Armour
  5034 | D:5      | Reached skill level 7 in Axes
  5121 | D:5      | Reached XP level 8. HP: 30/69 MP: 8/8
  5864 | D:5      | Reached skill level 8 in Axes
  6295 | D:6      | Noticed a yak
  6295 | D:6      | Noticed a yak
  6295 | D:6      | Noticed a yak
  6318 | D:6      | Killed a yak
  6328 | D:6      | Killed a yak
  6329 | D:6      | Reached skill level 9 in Axes
  6329 | D:6      | Reached skill level 5 in Shields
  6335 | D:6      | Killed a yak
  6828 | D:6      | Reached XP level 9. HP: 75/78 MP: 9/9
  7072 | D:6      | Reached skill level 10 in Axes
  7133 | D:6      | Found a radiant altar of Vehumet.
  7429 | D:7      | Reached skill level 11 in Axes
  9447 | D:7      | Killed from afar by an electric eel

Illustrated notes

Levels and vault maps discovered:
D:1:      ebering_trefoil_3fold, layout_basic,
          shapermc_ecumenical_altar_mp_vishouse, minmay_heptomino_d4
D:2:      layout_rooms, uniq_jessica
D:3:      layout_loops_cross, serial_shops, nicolae_shop_bloodbath_and_beyond,
          portal_sewer_entry_e
D:4:      layout_gridville, minitemple, uniq_duvessa
D:5:      layout_basic, overflow_temple_1_default,
          minmay_temple_entry_mini_moons, serial_undead, serial_undead_f,
          serial_undead_e, serial_undead_e, serial_undead_f, serial_undead_b,
          serial_undead_a, serial_undead_c
D:6:      layout_cave_pools, vehumet_statue, kennysheep_generic_room_14
D:7:      layout_cave_pools, serial_bayou_lake_a
D:8:      layout_gridville

Skill      XL: |  1  2  3  4  5  6  7  8  9 |
---------------+----------------------------+-----
Fighting       | 4 5 6 7 |  7.3
Axes           | 3 4 6 7 9 11 | 11.2
Armour         | 4 5 6 7 |  7.6
Shields        | 4 5 |  5.6
Stealth        | 1 |  1.7
Dodging        | 1 2 |  2.4

Action                   |  1- 3 |  4- 6 |  7- 9 || total
-------------------------+-------+-------+-------++-------
Melee: War axe           |    51 |    87 |   141 ||   279
  Use: Scroll            |     2 |     2 |     7 ||    11
       Potion            |     4 |     3 |    10 ||    17
Armor: Scale mail        |    52 |    44 |   107 ||   203
       Skin              |       |     4 |     7 ||    11
Dodge: Dodged            |    55 |    38 |    89 ||   182
Block: Buckler           |    27 |    29 |    42 ||    98

Table legend: (Time is in decaauts)
 A = Elapsed time spent in this place.
 B = Non-inter-level travel time spent in this place.
 C = Inter-level travel time spent in this place.
 D = Time resting spent in this place.
 E = Time spent auto-exploring this place.
 F = Levels seen in this place.
 G = Mean time per level.
                   A        B        C        D        E       F      G
               +--------+--------+--------+--------+--------+-----+--------+
         Total |   9494 |   8936 |    558 |   3909 |   3693 |   8 | 1186.8 |
       Dungeon |   9494 |   8936 |    558 |   3909 |   3693 |   8 | 1186.8 |
               +--------+--------+--------+--------+--------+-----+--------+

Top non-repeatable levels by time:
     D:4: 1736 daAuts
     D:7: 1627 daAuts
     D:5: 1519 daAuts
     D:1: 1413 daAuts
     D:6: 1250 daAuts
     D:3: 968 daAuts
     D:2: 585 daAuts
     D:8: 392 daAuts
